 Dungeon Crawl Stone Soup version 0.26-a0-642-g67e99244d3 (webtiles) character file.

Game seed: 4896680971630530723

623 DogServant the Skirmisher (level 7, 58/66 HPs)
             Began as a Minotaur Berserker on Sept 21, 2020.
             Was a Believer of Trog.
             Quit the game on level 4 of the Dungeon.
             The game lasted 00:04:37 (4827 turns).

DogServant the Skirmisher (Minotaur Berserker)      Turns: 4827, Time: 00:04:37

Health: 58/66      AC:  3    Str: 24    XL:     7   Next: 22%
Magic:  6/6        EV: 12    Int:  4    God:    Trog [**....]
Gold:   153        SH:  0    Dex:  9    Spells: 6/6 levels left

rFire    . . .     SeeInvis .   a - +0 hand axe
rCold    . . .     Faith    .   (no shield)
rNeg     . . .     Spirit   .   b - +1 animal skin
rPois    .         Reflect  .   (helmet restricted)
rElec    .         Harm     .   j - scarf {repulsion}
rCorr    .         Rampage  .   (no gloves)
MR       .....                  (no boots)
Stlth    +.........             (no amulet)
HPRegen  0.21/turn              f - ring of flight
MPRegen  0.10/turn              (no ring)

@: repel missiles
A: retaliatory headbutt, horns 2
a: Berserk, Trog's Hand, Renounce Religion, Evoke Flight


You were on level 4 of the Dungeon.
You worshipped Trog.
Trog was pleased with you.
You visited 1 branch of the dungeon, and saw 4 of its levels.

You collected 153 gold pieces.

Inventory:

Hand Weapons
 a - a +0 hand axe (weapon)
Armour
 b - a +1 animal skin (worn)
 j - a scarf of repulsion (worn)
Jewellery
 f - a ring of flight (left hand)
Scrolls
 e - a scroll of fear
 g - 3 scrolls of remove curse
 h - 3 scrolls of random uselessness
 m - 2 scrolls of identify
 o - a scroll of blinking
Potions
 c - 3 potions of curing
 d - a potion of degeneration
 k - a potion of flight {unknown}
 l - a potion of might


   Skills:
 + Level 7.6 Fighting
 + Level 7.5 Axes
 - Level 2.4 Armour
 - Level 2.1 Dodging


You had 6 spell levels left.
You didn't know any spells.
Your spell library was empty.

Dungeon Overview and Level Annotations

Branches:
Dungeon (4/15)             Temple (0/1) D:4

Altars:
Fedhas
Qazlal


Innate Abilities, Weirdness & Mutations

You reflexively headbutt those who attack you in melee.
You have a pair of horns on your head.


Message History

No target in view!
Calm down first, please.
Calm down first, please.
Calm down first, please.
Calm down first, please.
Calm down first, please.
Unknown command.
Unknown command.
You start resting.
You feel a strong urge to attack something.
You start resting.
You feel your anger nearly subside.
You are no longer berserk.
You are exhausted.
You feel yourself slow down.
You start resting.
You feel yourself speed up.
You start resting.
You recover from your berserk rage.
Unknown command.
Are you sure you want to abandon this character and quit the game? (Confirm with "yes".)

# #...............# *,,*
###.# #
#).)............#******,***
#.#
###...............+,,,,,,,,,*
#.#
..................#*******,,*
#.# #######...........# *,,*
#.# #..........?# **,* *,*
#.........(.# *,* *,*
#...........# *******,* *,*
#.........@.# *,,,,,,,***,*
#.........[[#**,*****,,**,*
#.............,,*,,,,,,,,,,
###..#.#.#.#.#..*,****,**,*
#....)......,.#,* *,,*,*
#..#.......#.,#,* **,*,*
*#............*,*****,,,*
*.#...>...#,.#,*,,,,,,,*
***,,,,,,,,,,,,*,*,****,,*


There were no monsters in sight!

Vanquished Creatures
  A phantom (D:4)
  2 ogres (D:4)
  A hound (D:4)
  2 orc priests
  A centaur skeleton (D:4)
  2 worker ants (D:4)
  7 adders
  An ooze (D:3)
  An adder skeleton (D:4)
  A worm (D:3)
  A dart slug (D:1)
  2 leopard geckos
  17 orcs
  A ball python (D:2)
  4 giant cockroaches
  8 goblins
  15 hobgoblins
  8 jackals
  8 kobolds
  13 bats
  5 frilled lizards
  A leopard gecko skeleton (D:4)
  12 rats
114 creatures vanquished.

Notes
Turn   | Place    | Note
-------+----------+-------------------------------------------
     0 | D:1      | DogServant the Minotaur Berserker began the quest for the
                  | Orb.
     0 | D:1      | Reached XP level 1. HP: 19/19 MP: 0/0
   293 | D:1      | Reached XP level 2. HP: 26/27 MP: 1/1
   417 | D:1      | Reached XP level 3. HP: 21/34 MP: 2/2
  1477 | D:2      | Reached ** piety under Trog
  1549 | D:2      | Reached XP level 4. HP: 40/41 MP: 3/3
  1554 | D:2      | Reached skill level 5 in Fighting
  1557 | D:2      | Reached skill level 5 in Axes
  1755 | D:2      | Found a blossoming altar of Fedhas.
  2109 | D:3      | Reached XP level 5. HP: 20/49 MP: 4/4
  3298 | D:3      | Found a stormy altar of Qazlal.
  3826 | D:4      | Noticed a phantom
  3858 | D:4      | Killed a phantom
  3858 | D:4      | Reached XP level 6. HP: 29/58 MP: 5/5
  4438 | D:4      | Reached XP level 7. HP: 59/66 MP: 6/6
  4779 | D:4      | Found a staircase to the Ecumenical Temple.
  4827 | D:4      | Quit the game

Illustrated notes

Levels and vault maps discovered:
D:1:      elethiomel_arrival_maze, layout_rooms, chequers_mini_garden,
          chequers_serial_rivers_micro_b, minmay_unequal
D:2:      minmay_razor_zed, layout_rooms, lemuel_coloured_pillars_altar,
          minmay_split_cup_small
D:3:      layout_basic, nicolae_overflow_hidden_temple,
          minmay_misc_feat_ornament
D:4:      layout_basic, demons_altar, minmay_temple_entry_glass

Skill      XL: |  1  2  3  4  5  6 |
---------------+-------------------+-----
Fighting       | 4 5 6 7 |  7.6
Axes           | 4 5 6 7 |  7.5
Armour         | |  2.4
Dodging        | |  2.1

Action                   |  1- 3 |  4- 6 |  7- 9 || total
-------------------------+-------+-------+-------++-------
Melee: Hand axe          |    79 |   118 |    27 ||   224
       Headbutt          |    12 |    18 |     3 ||    33
Invok: Berserk           |       |     3 |     1 ||     4
  Use: Scroll            |     5 |     6 |       ||    11
 Stab: Sleeping          |       |     1 |       ||     1
Armor: Animal skin       |    13 |     9 |     4 ||    26
Dodge: Dodged            |    53 |    70 |    15 ||   138

Table legend: (Time is in decaauts)
 A = Elapsed time spent in this place.
 B = Non-inter-level travel time spent in this place.
 C = Inter-level travel time spent in this place.
 D = Time resting spent in this place.
 E = Time spent auto-exploring this place.
 F = Levels seen in this place.
 G = Mean time per level.
                   A        B        C        D        E       F      G
               +--------+--------+--------+--------+--------+-----+--------+
         Total |   4859 |   4732 |    127 |   1567 |   2611 |   4 | 1214.8 |
       Dungeon |   4859 |   4732 |    127 |   1567 |   2611 |   4 | 1214.8 |
               +--------+--------+--------+--------+--------+-----+--------+

Top non-repeatable levels by time:
     D:3: 1973 daAuts
     D:4: 1073 daAuts
     D:1: 1068 daAuts
     D:2: 744 daAuts
